AoeStats
← IGBBMN

African Clearing

510715439Analyzed
4v4 RM · 19h ago on Oct 2, 2026· 51m 49s· 8 players
Game mode
Random Map
Map size
Large (8 player)
Population
200
Speed
Normal
Resources
Standard
Victory
Conquest
Starting age
Dark Age
Ending age
Imperial Age
RankedLock teamsTeams togetherTeam positionsShared explorationLock speedFull tech treeHidden civsTurbo modeCheats
Victory
Defeat
🇺🇸 Britons · United States
1192
+14
🇩🇰 Mongols · Denmark
1088
+19
🇪🇸 Varangians · Spain
1066
+19
🇨🇳 Italians · China
1037
+21
🇦🇷 Khmer · Argentina
1173
-19
🇨🇳 Vietnamese · China
1165
-19
🇨🇳 Slavs · China
1135
-18
🇹🇼 Japanese · Taiwan
1114
-17
Speechless
9:03 Loom
15:18 Feudal Age
16:42 Wheelbarrow
15:54 Double-Bit Axe
19:05 Castle Age
17:59 Horse Collar
18:37 Scale Barding Armor
20:23 Chain Barding Armor
22:44 Forging
22:47 Bloodlines
23:18 Town Watch
25:33 Iron Casting
25:37 Husbandry
29:09 Heavy Plow
29:34 Light Cavalry
36:04 Hand Cart
38:03 Gold Mining
38:04 Stone Mining
39:54 Bow Saw
43:43 Imperial Age
40:59 Treadmill Crane
41:39 Ballistics
41:55 Fletching
42:04 Elite Skirmisher
43:30 Bodkin Arrow
43:56 Thumb Ring
46:26 Imperial Age
44:09 Pikeman
44:49 Squires
46:12 Town Patrol
48:11 Chemistry
47:12 Bracer
47:22 Halberdier
47:26 Imperial Skirmisher
49:14 Conscription
48:49 Cavalier
50:03 Masonry
51:40 Blast Furnace
52:27 Kataparuto
YOU B4STARD!
15:04 Feudal Age
16:11 Double-Bit Axe
19:04 Castle Age
18:05 Stone Mining
18:04 Horse Collar
20:26 Bow Saw
26:34 Wheelbarrow
26:28 Heavy Plow
28:41 Gold Mining
33:26 Padded Archer Armor
33:17 Fletching
34:01 Hand Cart
35:17 Bodkin Arrow
39:27 Imperial Age
37:26 Leather Archer Armor
37:51 Squires
37:52 Loom
37:54 Town Watch
39:46 Forging
39:41 Scale Mail Armor
39:37 Bodkin Arrow
39:29 Elite Fire Lancer
41:50 Chain Mail Armor
42:11 Iron Casting
41:40 Bracer
42:36 Elite Rattan Archer
43:42 Paper Money
43:58 Hoardings
IGBBMN
6:43 Loom
16:05 Feudal Age
17:42 Scale Barding Armor
17:48 Forging
18:19 Horse Collar
20:59 Bloodlines
24:56 Castle Age
29:47 Imperial Age
27:53 Town Watch
29:11 Wheelbarrow
28:35 Double-Bit Axe
32:08 Husbandry
33:03 Chain Barding Armor
37:49 Plate Barding Armor
38:20 Heavy Plow
39:00 Gold Mining
39:42 Bow Saw
41:27 Iron Casting
44:13 Tusk Swords
44:35 Conscription
45:07 Light Cavalry
47:27 Blast Furnace
46:03 Hussar
一叶知秋
7:48 Loom
15:12 Feudal Age
19:16 Castle Age
18:21 Bloodlines
19:18 Double-Bit Axe
19:24 Horse Collar
23:08 Husbandry
27:03 Wheelbarrow
28:15 Bow Saw
29:46 Gold Mining
31:21 Scale Barding Armor
31:50 Town Watch
rugiero569
3:00 Loom
13:04 Feudal Age
14:50 Double-Bit Axe
17:23 Castle Age
15:21 Horse Collar
18:31 Bow Saw
18:25 Heavy Plow
19:16 Wheelbarrow
21:15 Pikeman
21:56 Squires
khan061
8:51 Loom
15:21 Feudal Age
20:07 Castle Age
18:13 Double-Bit Axe
20:56 Wheelbarrow
27:11 Bow Saw
26:57 Horse Collar
27:56 Stone Mining
29:49 Stone Shaft Mining
30:50 Forging
30:41 Scale Mail Armor
30:38 Gambesons
32:35 Hand Cart
33:57 Iron Casting
33:37 Chain Mail Armor
34:03 Squires
33:50 Arson
34:54 Treadmill Crane
35:35 Ballistics
35:30 Fortified Wall
35:21 Murder Holes
36:46 Gold Mining
38:08 Town Watch
44:08 Imperial Age
41:42 Town Patrol
47:06 Blast Furnace
46:36 Plate Mail Armor
46:29 Elite Varangian Guard
48:00 Conscription
49:05 Gothikon
51:15 Caravan
脖子右拧
15:16 Feudal Age
15:46 Double-Bit Axe
16:40 Gold Mining
19:40 Castle Age
17:30 Horse Collar
17:44 Stone Mining
22:04 Bow Saw
23:35 Fletching
23:46 Padded Archer Armor
28:44 Ballistics
31:59 Bodkin Arrow
34:04 Leather Archer Armor
35:21 Thumb Ring
40:13 Imperial Age
40:55 Capped Ram
49:48 Bracer
50:18 Ring Archer Armor
dir singlerebs
5:42 Loom
14:20 Feudal Age
18:05 Castle Age
16:00 Double-Bit Axe
19:14 Bow Saw
20:17 Wheelbarrow
23:07 Horse Collar
27:06 Heavy Plow
29:27 Bloodlines
30:19 Hand Cart
30:39 Light Cavalry
31:20 Husbandry
31:29 Stone Mining
31:58 Fletching
32:08 Padded Archer Armor
32:47 Bodkin Arrow
36:37 Imperial Age
34:39 Leather Archer Armor
36:02 Gold Mining
36:48 Stone Shaft Mining
37:45 Conscription
39:08 Chemistry
38:28 Ballistics
38:13 Bracer
38:16 Elite Mangudai
39:01 Hussar
39:51 Scale Barding Armor
39:57 Forging
40:59 Chain Barding Armor
41:06 Town Watch
47:36 Elite Steppe Lancer
51:13 Iron Casting
Connection lost

Rejoining the realm…

Still unreachable

The connection could not be restored.

Session expired

The server has moved on; the page needs a fresh start.